 Dungeon Crawl Stone Soup version 0.28.0 (webtiles) character file.

Game seed: 13713986510680182894

64 cbfl8 the Sneak (level 3, -1/33 HPs)
             Began as a Minotaur Delver on Feb 13, 2022.
             Slain by Blork the orc (7 damage)
             ... on level 4 of the Dungeon.
             The game lasted 00:02:26 (1517 turns).

cbfl8 the Sneak (Minotaur Delver)                   Turns: 1517, Time: 00:02:26

Health: -1/33      AC:  3    Str: 18    XL:     3   Next: 91%
Magic:  2/2        EV: 12    Int:  7    God:
Gold:   45         SH:  0    Dex: 11    Spells: 2/2 levels left

rFire   + . .      SeeInvis .   a - +0 hand axe
rCold   . . .      Faith    .   (no shield)
rNeg    . . .      Spirit   .   b - +0 leather armour
rPois   .          Reflect  .   (helmet restricted)
rElec   .          Harm     .   (no cloak)
rCorr   .          Rampage  .   (no gloves)
Will    .....                   (no boots)
Stlth   ++........              (no amulet)
HPRegen 0.11/turn               j - ring of protection from fire
MPRegen 0.08/turn               (no ring)

@: no status effects
A: horns 2, retaliatory headbutt
a: no special abilities


You were on level 4 of the Dungeon.
You visited 1 branch of the dungeon, and saw 2 of its levels.

You collected 45 gold pieces.

Inventory:

Hand Weapons
 a - a +0 hand axe (weapon)
Armour
 b - a +0 leather armour (worn)
Jewellery
 j - a ring of protection from fire (left hand)
Wands
 g - a wand of digging (3)
 l - a wand of polymorph (10)
Scrolls
 c - a scroll of fog
 d - a scroll of magic mapping
 e - a scroll of vulnerability {unknown}
 i - a scroll of identify {unknown}


   Skills:
 + Level 4.1 Fighting
 + Level 3.0 Axes
 + Level 1.5 Armour
 + Level 2.4 Dodging
 + Level 4.7 Stealth


You had 2 spell levels left.
You didn't know any spells.
Your spell library was empty.

Dungeon Overview and Level Annotations

Branches:
Dungeon (5/15)
 Temple: D:4-7

Altars:

Annotations:
D:4 Blork the orc, Pikel
D:5 Dowan, Duvessa


Innate Abilities, Weirdness & Mutations

You have a pair of horns on your head.
You reflexively headbutt those who attack you in melee.


Message History

e - a scroll labelled BAIFUMPANWI Blork the orc comes into view.
He is wielding a +2 trident of protection.
Blork the orc shouts!
You aren't carrying any potions.
Blork the orc hits you from afar with a +2 trident of protection.
Blork the orc looks angry.
Blork the orc miscasts a cantrip.
Blork the orc hits you from afar with a +2 trident of protection.
Blork the orc looks braver for a moment.
Found a stone staircase leading down.
Blork the orc casts a spell.
Blork the orc seems to speed up.
A dart slug comes into view.
Found a scroll labelled TIKOET MUCW.
Found a stone staircase leading down.
Blork the orc grins evilly.
Blork the orc barely misses you.
Found 19 sling bullets.
Blork the orc hits you from afar with a +2 trident of protection!
The dart slug launches a dart at you. The slug dart misses you.
Blork the orc points at you and mumbles some strange words.
The puff of frost misses you.
Blork the orc hits you from afar with a +2 trident of protection!
* * * LOW HITPOINT WARNING * * *
Found a scroll labelled BIAHEL ITINNO.
The dart slug launches a dart at you. The slug dart misses you.
Found a stone staircase leading up.
Blork the orc grunts noisily.
Blork the orc barely misses you.
Blork the orc hits you from afar with a +2 trident of protection.
* * * LOW HITPOINT WARNING * * *
Blork the orc barely misses you.
Blork the orc screams, "I'm going to kill you!"
Blork the orc barely misses you.
There is a stone staircase leading down here.
Blork the orc barely misses you.
Blork the orc hits you from afar with a +2 trident of protection!
You die...

#......#####.#..#*,,#,,,,,,,,,,*
##.#.........#..#*,.#.,,****,***
#....#..........##.?..,,* *,*
##...[................*,* *,*
#..........#..........,,* *,*
#.....####.#.#w######.*,****,***
#.....#,,..#.#........,,,,,,,<,*
#....##.####.#o#####..#.********
#.#...,........>@.......,,,,,,*
#.*.###.##...#..###<..#.***,***
#.*.#,*......#..#,,,,.#,* *,*
*,*,*,,..#..(#...#,*,,*,* *,*
*,*,,,,.,#..,#.....*,,*,* *,*
*,*,,,**,#.,,#...?..,,*,* *,*
*,,,*,,,,..,,########,*,* *,*
,,,,*,*****,,,,,,,,,,,*,* *,*
,,*,*,,,,,,,,**********,* *,*


You could see Blork the orc (fast).

Vanquished Creatures
  An orc wizard (D:4)
  A hound zombie (D:4)
  An adder (D:4)
  A dart slug (D:4)
  3 orcs (D:4)
  2 endoplasms (D:4)
  2 goblins (D:4)
  A quokka (D:5)
12 creatures vanquished.

Notes
Turn   | Place    | Note
-------+----------+-------------------------------------------
     0 | D:5      | cbfl8 the Minotaur Delver began the quest for the Orb.
     0 | D:5      | Reached XP level 1. HP: 19/19 MP: 0/0
   112 | D:5      | Noticed Duvessa
   112 | D:5      | Noticed Dowan
   139 | D:4      | Reached XP level 2. HP: 9/27 MP: 1/1
   377 | D:4      | HP: 1/27 [poisoned by an adder]
   709 | D:4      | Noticed a lemure
   710 | D:4      | Noticed a lemure
   710 | D:4      | Noticed a lemure
   711 | D:4      | Noticed Pikel
   711 | D:4      | Noticed a lemure
   810 | D:4      | Reached XP level 3. HP: 33/33 MP: 2/2
  1170 | D:4      | Reached skill level 1 in Armour
  1488 | D:4      | Noticed Blork the orc
  1517 | D:4      | Slain by Blork the orc

Illustrated notes

Levels and vault maps discovered:
D:4:      kb_forest_paths, layout_basic, minmay_manual_monolith, uniq_natasha,
          uniq_blork_the_orc, uniq_pikel
D:5:      layout_loops_ring, kennysheep_opposing_triangles, uniq_duvessa

Skill      XL: |  1  2  3 |
---------------+----------+-----
Fighting       | 4 |  4.1
Axes           | 3 |  3.0
Armour         | 1 |  1.5
Dodging        | |  2.4
Stealth        | |  4.7

Action                   || total
-------------------------++-------
Melee: Hand axe          ||    45
       Headbutt          ||     7
  Use: Potion            ||     3
       Scroll            ||     2
 Stab: Sleeping          ||     1
Armor: Leather armour    ||    16
Dodge: Dodged            ||    27
